 Dungeon Crawl Stone Soup version 0.28-a0-1518-gbe868bca14 (webtiles) character file.

Game seed: 15332801113491166816

46 Essalna the Sneak (level 3, -2/30 HPs)
             Began as a Djinni Delver on Jan 17, 2022.
             Slain by a worm (3 damage)
             ... on level 4 of the Dungeon.
             The game lasted 00:02:23 (1140 turns).

Essalna the Sneak (Djinni Delver)                   Turns: 1140, Time: 00:02:23

Health: -2/30      AC:  4    Str: 11    XL:     3   Next: 95%
Gold:   0          EV: 12    Int: 13    God:
                   SH:  0    Dex: 20

rFire   + + .      SeeInvis .   a - +0 falchion
rCold   x . .      Faith    .   (no shield)
rNeg    . . .      Spirit   .   b - +0 leather armour
rPois   ∞          Reflect  .   j - +0 helmet
rElec   .          Harm     .   (no cloak)
rCorr   .          Rampage  .   (no gloves)
Will    .....                   (boots unavailable)
Stlth   +++.......              (no amulet)
HPRegen 0.10/turn               h - +6 ring of dexterity
MPRegen 0.00/turn               (no ring)

@: flying
A: sickness immunity, fire resistance 2, cold vulnerability 1, float, innate
caster, hp casting, extra vitality 1
a: no special abilities


You were on level 4 of the Dungeon.
You visited 1 branch of the dungeon, and saw 2 of its levels.

Inventory:

Hand Weapons
 a - a +0 falchion (weapon)
 k - a +0 whip
Armour
 b - a +0 leather armour (worn)
 j - a +0 helmet (worn)
Jewellery
 h - a +6 ring of dexterity (left hand)
Wands
 g - a wand of digging (3)
Scrolls
 c - 2 scrolls of fog
 d - a scroll of magic mapping
 e - a scroll of fear
 i - a scroll of identify {unknown}
Potions
 f - a potion of haste
 l - a potion of curing {unknown}


   Skills:
 - Level 3.1 Fighting
 - Level 2.0 Long Blades
 - Level 2.4 Dodging
 - Level 4.2 Stealth
 + Level 1.8 Spellcasting


You had 4 spell levels left.
You knew the following spells:

 Your Spells              Type           Power      Damage    Failure   Level
a - Sandblast             Erth           12%        2d6       16%         1
Your spell library was empty.

Dungeon Overview and Level Annotations

Branches:
Dungeon (5/15)
 Temple: D:4-7

Altars:
Kikubaaqudgha

Annotations:
D:4 1 runed translucent door, Crazy Yiuf


Innate Abilities, Weirdness & Mutations

You are immune to sickness and miasma.
You are immune to poison.
Your flesh is very heat resistant. (rF++)
You are vulnerable to cold. (rC-)
You float through the air rather than walking.
You learn spells naturally, not from books.
Your magical power is your life essence.
You have superior vitality. (+4 MHP)


Message History

Casting: Sandblast (safe; 16% risk of failure)
Confirm with . or Enter, or press ? or * to list all spells.
Okay, then.
Unknown command.
Casting: Sandblast (safe; 16% risk of failure)
Confirm with . or Enter, or press ? or * to list all spells.
You don't have any stones to cast with.
You hit the worm.
The worm is lightly wounded.
The worm barely misses you.
You hit the worm.
The worm is moderately wounded.
You slash the worm!
The worm is heavily wounded.
The worm barely misses you.
You hit the worm.
The worm is severely wounded.
The worm closely misses you.
You barely miss the worm.
The worm is severely wounded.
You hit the worm but do no damage.
The worm is severely wounded.
The worm bites you but does no damage.
You hit the worm.
The worm is severely wounded.
The worm bites you.
You completely miss the worm.
The worm is severely wounded.
The worm bites you.
* * * LOW HITPOINT WARNING * * *
You barely miss the worm.
The worm is severely wounded.
You hit the worm but do no damage.
The worm is severely wounded.
The worm bites you!
* * * LOW HITPOINT WARNING * * *
You hit the worm but do no damage.
The worm is severely wounded.
The worm bites you.
You die...

..# #.....# ####### ###
#.....# #....8 #######
#....## #.....' ########
#....## ########......#
#####....8#
.......#......#
#........## #...#......#
#.....####
#.....w@...###.....#####
#......####..'..........
#......# #.##........[.
#...........##...(......
#...###############.....
#### #.......'.....
#.#######..... #.#
#..... #.#######.....


You could see a worm.

Vanquished Creatures
  A human zombie (D:4)
  An ufetubus (D:4)
  A dart slug (D:4)
  2 goblins (D:4)
  A hobgoblin (D:4)
  2 kobolds (D:4)
  A ball python (D:4)
9 creatures vanquished.

Notes
Turn   | Place    | Note
-------+----------+-------------------------------------------
     0 | D:5      | Essalna the Djinni Delver began the quest for the Orb.
     0 | D:5      | Reached XP level 1. HP: 20/20 MP: 0/0
     8 | D:5      | Noticed an iguana
    41 | D:4      | Found a runed translucent door.
    42 | D:4      | Noticed Crazy Yiuf
   163 | D:4      | HP: 1/20 [ufetubus (3)]
   166 | D:4      | Reached XP level 2. HP: 2/25 MP: 0/0
   851 | D:4      | Noticed a black bear
   945 | D:4      | Reached skill level 1 in Spellcasting
   945 | D:4      | Reached XP level 3. HP: 14/30 MP: 0/0
   945 | D:4      | Learned a level 1 spell: Sandblast
  1139 | D:4      | HP: 1/30 [worm (7)]
  1140 | D:4      | Slain by a worm

Illustrated notes

Levels and vault maps discovered:
D:4:      layout_basic, lemuel_mausoleum_altar_kikubaaqudgha,
          uniq_crazy_yiuf_cottage
D:5:      layout_cave_pools, kennysheep_slug_shrine,
          minmay_temple_entry_mini_moons

Skill      XL: |  1  2 |
---------------+-------+-----
Long Blades    | 2 |  2.0
Spellcasting   | 1 |  1.8
Fighting       | |  3.1
Dodging        | |  2.4
Stealth        | |  4.2

Action                   || total
-------------------------++-------
Melee: Falchion          ||    62
 Stab: Sleeping          ||     1
Armor: Leather armour    ||    15
Dodge: Dodged            ||    37

Table legend: (Time is in decaauts)
 A = Elapsed time spent in this place.
 B = Non-inter-level travel time spent in this place.
 C = Inter-level travel time spent in this place.
 D = Time resting spent in this place.
 E = Time spent auto-exploring this place.
 F = Levels seen in this place.
 G = Mean time per level.
                   A        B        C        D        E       F      G
               +--------+--------+--------+--------+--------+-----+--------+
         Total |   1151 |   1093 |     58 |      0 |    886 |   2 |  575.5 |
       Dungeon |   1151 |   1093 |     58 |      0 |    886 |   2 |  575.5 |
               +--------+--------+--------+--------+--------+-----+--------+

Top non-repeatable levels by time:
     D:4: 1137 daAuts
     D:5: 14 daAuts
